 Dungeon Crawl Stone Soup version 0.22.1-2-g9c5b331383 (webtiles) character file.

11491 Revguard the Basher (level 11, -13/97 HPs)
             Began as a Minotaur Gladiator on Dec 15, 2018.
             Was a High Priest of Makhleb.
             Mangled by an earth elemental (32 damage)
             ... in a volcano.
             The game lasted 00:30:19 (8109 turns).

Revguard the Basher (Minotaur Gladiator)            Turns: 8109, Time: 00:30:19

Health: -13/97     AC: 12    Str: 21    XL:     11   Next: 50%
Magic:  11/11      EV: 10    Int:  5    God:    Makhleb [*****.]
Gold:   529        SH: 14    Dex: 13    Spells: 10/10 levels left

rFire    + . .     SeeInvis .   b - +11 mace of the Warrior {elec, Stlth+}
rCold    + . .     Gourm    .   w - +2 shield
rNeg     + . .     Faith    .   m - +0 chain mail
rPois    +         Spirit   .   c - +0 hat
rElec    +         Reflect  .   u - +0 cloak
rCorr    +         Harm     .   (no gloves)
MR       .....                  (no boots)
Stlth    ..........             (no amulet)
HPRegen  0.26/turn              i - ring of positive energy
MPRegen  0.12/turn              v - ring of poison resistance

@: resistant
A: retaliatory headbutt, horns 2
a: Minor Destruction, Lesser Servant of Makhleb, Major Destruction, Greater
Servant of Makhleb, Renounce Religion


You were in a volcano.
You worshipped Makhleb.
Makhleb was extremely pleased with you.
You were hungry.

You visited 3 branches of the dungeon, and saw 11 of its levels.
You also visited: Sewer and Volcano.

You collected 529 gold pieces.

Inventory:

Hand Weapons
 b - the +11 mace of the Warrior (weapon) {elec, Stlth+}
   (You found it on level 4 of the Dungeon)

   Occasionally, upon striking a foe, it will discharge some electrical energy
   and cause terrible harm.
   It makes you more stealthy.
Missiles
 d - 3 throwing nets (quivered)
Armour
 c - a +0 hat (worn)
 m - a +0 chain mail (worn)
 u - a +0 cloak (worn)
 w - a +2 shield (worn)
Jewellery
 i - a ring of positive energy (left hand)
 v - a ring of poison resistance (right hand)
Wands
 h - a wand of flame (18)
 x - a wand of acid (8)
Scrolls
 k - a scroll of amnesia
 l - 7 scrolls of teleportation
 p - a scroll of identify
 q - 3 scrolls of remove curse
 r - a scroll of blinking
 t - a scroll of vulnerability
Potions
 a - a potion of magic
 e - 5 potions of haste
 j - a potion of brilliance
 n - 3 potions of curing
 s - 2 potions of degeneration
Comestibles
 f - 26 rations


   Skills:
 + Level 9.3 Fighting
   Level 5.7(9.7) Axes
 + Level 12.0(12.4) Maces & Flails
 - Level 2.0 Throwing
 + Level 9.1 Armour
 - Level 5.3 Dodging
 + Level 11.0 Shields
 + Level 1.7 Invocations


You had 10 spell levels left.
You didn't know any spells.
Your spell library contained the following spells:

 Spells                   Type           Power        Failure   Level  Hunger
 Animate Skeleton         Necr           N/A          99%         1    ##.....
 Apportation              Tloc           #.....       99%         1    ##.....
 Confusing Touch          Hex            #.....       99%         1    ##.....
 Corona                   Hex            #......      99%         1    ##.....
 Flame Tongue             Conj/Fire      #....        99%         1    ##.....
 Summon Small Mammal      Summ           #...         99%         1    ##.....
 Ensorcelled Hibernation  Hex/Ice        #.....       100%        2    ###....
 Throw Flame              Conj/Fire      #.....       100%        2    ###....
 Confuse                  Hex            #.......     100%        3    ####...
 Conjure Flame            Conj/Fire      #.......     100%        3    ####...
 Dazzling Spray           Conj/Hex       #.....       100%        3    ####...
 Inner Flame              Hex/Fire       #.......     100%        3    ####...
 Tukima's Dance           Hex            #.......     100%        3    ####...
 Sticky Flame             Conj/Fire      #.......     100%        4    #####..
 Fireball                 Conj/Fire      #.........   100%        5    ######.


Dungeon Overview and Level Annotations

Branches:
Dungeon (9/15)             Temple (1/1) D:5            Lair (1/6) D:8
    Orc: D:9-12

Altars:
Ashenzari
Cheibriados
Dithmenos
Elyvilon
Fedhas
Gozag
Hepliaklqana
Kikubaaqudgha
Makhleb
Nemelex Xobeh
Okawaru
Qazlal
Ru
Sif Muna
Trog
Uskayaw
Vehumet
Wu Jian
Xom
Yredelemnul
Zin
The Shining One

Shops:
D:9 [


Innate Abilities, Weirdness & Mutations

You reflexively headbutt those who attack you in melee.
You have a pair of horns on your head.


Message History

You block the earth elemental's attack.
You hit the earth elemental.
You headbutt the earth elemental, but do no damage.
The earth elemental is heavily damaged.
You hit the earth elemental.
You headbutt the earth elemental, but do no damage.
The earth elemental is severely damaged.
You block the earth elemental's attack.
You hit the earth elemental but do no damage.
Your headbutt misses the earth elemental.
The earth elemental is severely damaged.
The molten gargoyle blasts magma at you!
The bolt of magma hits the earth elemental.
The earth elemental partially resists.
The bolt of magma hits you! You partially resist.
* * * LOW HITPOINT WARNING * * *
You hit the earth elemental.
The earth elemental is severely damaged.
The earth elemental hits you!!
You die...

# ### #. ##.###
.. ##...≈##
#9#....≈§# ###
#E@.∩.§§#
##≈≈####..≈≈≈#
##≈≈§≈≈##..§≈≈#
.≈≈§§≈≈##..≈≈≈#
#.≈≈≈≈≈)..∩.§≈#
##§§≈≈.#....≈§#
##§§§###...§##
##§# ##.### ##
###


You could see an earth elemental and a molten gargoyle.

Vanquished Creatures
  A two-headed ogre (D:9)
  A centaur skeleton (D:9)
  4 spiny frogs (Lair:1)
  A komodo dragon (Lair:1)
  An efreet (Volcano)
  A hornet (D:9)
  2 hippogriffs (D:9)
  5 blink frogs (Lair:1)
  Sigmund (D:6)
  8 yaks (Lair:1)
  3 fire bats (Lair:1)
  A human (D:5)
  3 hungry ghosts
  Menkaure (D:4)
  3 water moccasins
  A soldier ant (D:8)
  2 orc warriors (D:7)
  2 ice beasts
  2 sky beasts
  2 black bears
  4 phantoms
  6 ogres
  A crocodile (Lair:1)
  2 centaurs
  4 big kobolds
  2 gnoll sergeants (D:7)
  4 bullfrogs
  5 killer bees (D:8)
  9 wights
  A howler monkey (D:4)
  4 crimson imps
  A centaur zombie (D:6)
  A bullfrog zombie (D:6)
  4 hounds
  A gnoll shaman (D:5)
  11 orc priests
  2 iguanas
  2 bullfrog skeletons
  9 orc wizards
  6 worker ants
  A killer bee zombie (D:8)
  2 river rats (Sewer)
  14 adders
  11 gnolls
  A shadow imp (D:6)
  3 oozes (D:3)
  2 adder skeletons
  2 adder zombies
  3 worms
  2 dart slugs
  12 leopard geckos
  32 orcs
  9 giant cockroaches
  8 goblins
  9 hobgoblins
  12 jackals
  26 kobolds
  2 quokkas
  5 ball pythons
  9 bats
  5 frilled lizards
  2 jackal skeletons
  A leopard gecko skeleton (D:5)
  A quokka zombie (D:5)
  10 rats
308 creatures vanquished.

Vanquished Creatures (others)
  A fire vortex (Volcano)
1 creature vanquished.

Grand Total: 309 creatures vanquished

Notes
Turn   | Place    | Note
-------+----------+-------------------------------------------
     0 | D:1      | Revguard the Minotaur Gladiator began the quest for the
                  | Orb.
     0 | D:1      | Reached XP level 1. HP: 18/18 MP: 0/0
    64 | D:1      | Reached XP level 2. HP: 23/25 MP: 1/1
   544 | D:1      | Reached skill level 1 in Armour
   544 | D:1      | Reached XP level 3. HP: 30/30 MP: 2/2
  1210 | D:2      | Reached XP level 4. HP: 29/37 MP: 3/3
  1216 | D:2      | Reached skill level 5 in Axes
  1766 | D:2      | Found a glowing golden altar of the Shining One.
  1770 | D:2      | Found a burning altar of Makhleb.
  1773 | D:2      | Found a bloodstained altar of Trog.
  1789 | D:2      | Became a worshipper of Makhleb the Destroyer
  1931 | D:3      | Found an opulent altar of Gozag.
  1997 | D:3      | Reached XP level 5. HP: 45/45 MP: 4/4
  2114 | D:3      | Reached * piety under Makhleb
  2271 | D:4      | Got a smoking mace
  2272 | D:4      | Identified the +11 mace of the Warrior {elec, Stlth+} (You
                  | found it on level 4 of the Dungeon)
  2292 | D:4      | Reached skill level 1 in Shields
  2315 | D:4      | Noticed Menkaure
  2323 | D:4      | Killed Menkaure
  2323 | D:4      | Reached XP level 6. HP: 11/52 MP: 5/5
  2329 | D:4      | Reached skill level 1 in Maces & Flails
  2985 | D:4      | Reached skill level 2 in Maces & Flails
  3000 | D:4      | Reached XP level 7. HP: 27/59 MP: 6/6
  3128 | D:4      | Reached skill level 3 in Maces & Flails
  3394 | D:5      | Entered Level 5 of the Dungeon
  3399 | D:5      | Found an ornate altar of the Wu Jian Council.
  3419 | D:5      | Found a staircase to the Ecumenical Temple.
  3437 | D:5      | Reached skill level 4 in Maces & Flails
  3454 | Temple   | Entered the Ecumenical Temple
  3581 | D:5      | Found a runed door.
  3581 | D:5      | Noticed a human
  3586 | D:5      | Found a basalt altar of Yredelemnul.
  3593 | D:5      | Reached ** piety under Makhleb
  3607 | D:5      | Killed a human
  3703 | D:5      | Noticed a dagger
  3704 | D:5      | Noticed a dagger
  3706 | D:5      | Found a hide-covered altar of Uskayaw.
  3750 | D:5      | Reached skill level 5 in Maces & Flails
  3750 | D:5      | Reached XP level 8. HP: 57/67 MP: 7/7
  3946 | D:5      | Reached skill level 5 in Shields
  4064 | D:5      | Reached skill level 5 in Fighting
  4064 | D:5      | Reached skill level 5 in Dodging
  4200 | D:6      | Reached skill level 6 in Maces & Flails
  4426 | D:6      | Reached skill level 5 in Armour
  4449 | D:6      | Found a shadowy altar of Dithmenos.
  4487 | D:6      | Reached *** piety under Makhleb
  4666 | D:6      | Found a glowing drain.
  4682 | Sewer    | Entered a sewer
  4720 | Sewer    | Reached skill level 7 in Maces & Flails
  4907 | Sewer    | Reached XP level 9. HP: 75/75 MP: 8/8
  5019 | D:6      | Noticed Sigmund
  5029 | D:6      | Killed Sigmund
  5311 | D:7      | Reached **** piety under Makhleb
  5311 | D:7      | Reached skill level 8 in Maces & Flails
  5606 | D:7      | Found the +0 sword of Power
  5858 | D:8      | Found a staircase to the Lair.
  5911 | D:8      | Reached skill level 9 in Maces & Flails
  5949 | D:8      | Reached ***** piety under Makhleb
  5992 | D:8      | Reached XP level 10. HP: 86/86 MP: 9/9
  6658 | D:9      | Found Efafo's Antique Armour Shoppe.
  6674 | D:9      | Reached skill level 10 in Maces & Flails
  6720 | D:9      | Found a glowing silver altar of Zin.
  6781 | D:9      | Noticed a two-headed ogre
  6797 | D:9      | Noticed a cacodemon
  6823 | D:9      | Found a hazy altar of Hepliaklqana.
  7312 | D:9      | Killed a two-headed ogre
  7312 | D:9      | Reached skill level 10 in Shields
  7312 | D:9      | Reached skill level 1 in Invocations
  7701 | Lair:1   | Entered Level 1 of the Lair of Beasts
  7719 | Lair:1   | Reached skill level 11 in Maces & Flails
  7773 | Lair:1   | Reached XP level 11. HP: 91/95 MP: 9/11
  8056 | Lair:1   | Found a dark tunnel.
  8066 | Volcano  | Entered a volcano
  8090 | Volcano  | Reached skill level 12 in Maces & Flails
  8109 | Volcano  | Mangled by an earth elemental

Skill      XL: |  1  2  3  4  5  6  7  8  9 10 11 |
---------------+----------------------------------+-----
Axes           | 4 5 |  5.7
Armour         | 1 2 3 4 5 6 8 9 |  9.1
Dodging        | 4 5 |  5.3
Fighting       | 3 4 5 7 8 9 |  9.3
Shields        | 2 3 4 6 8 10 11 | 11.0
Maces & Flails | 2 5 7 9 11 12 | 12.0
Invocations    | 1 |  1.7
Throwing       | |  2.0

Action                   |  1- 3 |  4- 6 |  7- 9 | 10-12 || total
-------------------------+-------+-------+-------+-------++-------
Melee: War axe           |    73 |    52 |       |       ||   125
       Headbutt          |     9 |    12 |    34 |    36 ||    91
       Mace              |       |    42 |   280 |   223 ||   545
Invok: Greater Servant o |       |       |       |     1 ||     1
Evoke: Wand              |       |       |     1 |       ||     1
  Use: Scroll            |       |     2 |     6 |    11 ||    19
       Potion            |       |       |     7 |     1 ||     8
  Eat: Chunk             |       |     2 |    11 |     4 ||    17
       Ration            |       |     1 |       |     1 ||     2
Armor: Leather armour    |    24 |    13 |       |       ||    37
       Ring mail         |       |    11 |    43 |       ||    54
       Chain mail        |       |       |    19 |    68 ||    87
Dodge: Dodged            |    57 |    45 |    84 |    66 ||   252
Block: Shield            |       |    29 |   151 |   151 ||   331
